Bruins vs RedWings

Created - 10 décembre 2020 at 20:23

Goals
1 2 3 T
Bruins 3 0 1 4
RedWings 3 1 1 5
Shots
1 2 3 T
Bruins 14 7 7 28
RedWings 16 15 8 39

1st period

1. Bruins , Jayson Megna 3 (Jordan Oesterle 8, Brett Pesce 9) at 0:47
2. RedWings , Patric Hornqvist 6 (Filip Forsberg 11, Erik Haula 9) at 10:03
3. RedWings , Filip Forsberg 10 (Erik Karlsson 8) at 10:58
4. Bruins , Kailer Yamamoto 1 (Tyler Bertuzzi 15, Adam Henrique 7) at 12:23
5. Bruins , Brady Skjei 2 (Adam Henrique 8) at 12:53
6. RedWings , Erik Haula 7 (Jake Gardiner 14, Patric Hornqvist 7) at 14:33 (PP)

Penalties :
Brett Pesce (BOS) for Tripping (Minor) at 2:16, Brett Pesce (BOS) for Hooking (Minor) at 6:12, Tyler Bertuzzi (BOS) for Tripping (Minor) at 13:49

2nd period

7. RedWings , Kyle Brodziak 5 (Jake Gardiner 15, Ryan Hartman 3) at 7:45

Penalties :
Jordan Oesterle (BOS) for Hooking (Minor) at 1:10, Radek Faksa (BOS) for Holding (Minor) at 14:49

3rd period

8. RedWings , Filip Forsberg 11 (John Carlson 14, Erik Karlsson 9) at 0:22
9. Bruins , Adam Henrique 9 (Brett Pesce 10, Tyler Bertuzzi 16) at 11:22

Penalties :
Jordan Oesterle (BOS) for Holding (Minor) at 1:51, Michael Frolik (BOS) for Hooking (Minor) at 16:30, Kyle Brodziak (DET) for Hooking (Minor) at 18:41

Goalie Stats

Tristan Jarry (BOS), 34 saves from 39 shots - (0,872), L, 6-9-1, 59:18 minutes
John Gibson (DET), 24 saves from 28 shots - (0,857), W, 9-7-2, 60:00 minutes

Players Stats for Bruins

Player Name              G  A  P  +/- PIM S  H  SB GA TA FO     MP     PP MP  PK MP  
------------------------------------------------------------------------------------
Adam Henrique            1  2  3   2  0   10 1  1  0  0  25/39  24:35   0:40   7:20 
Alex Iafallo             0  0  0  -1  0   2  0  0  0  0  2/4    21:22   0:38   5:05 
Brady Skjei              1  0  1   1  0   1  1  2  0  0  0/0    24:38   0:40   7:02 
Brendan Lemieux          0  0  0   0  0   1  1  0  0  0  0/0     3:20   0:00   0:00 
Brett Pesce              0  2  2   0  4   0  1  1  0  0  0/0    20:17   0:38   3:39 
Brian Dumoulin           0  0  0   1  0   1  1  1  0  0  0/0    24:42   0:40   7:06 
Jayson Megna             1  0  1  -1  0   2  2  0  0  0  0/1    16:17   0:38   0:00 
Jonathon Merrill         0  0  0  -1  0   0  2  1  0  0  0/0    13:28   0:00   0:22 
Jordan Oesterle          0  1  1   0  4   0  3  5  0  0  0/0    20:09   0:38   3:31 
Kailer Yamamoto          1  0  1   2  0   2  0  0  0  0  0/1    13:55   0:40   0:00 
Marcus Sorensen          0  0  0   0  0   1  0  0  0  0  0/0     3:20   0:00   0:00 
Markus Nutivaara         0  0  0  -1  0   0  2  2  0  0  0/0    16:42   0:00   3:36 
Michael Frolik           0  0  0  -1  2   3  0  1  0  0  1/1    13:49   0:00   0:00 
Nicolas Aube-Kubel       0  0  0   0  0   0  0  0  0  0  0/0     0:00   0:00   0:00 
Radek Faksa              0  0  0  -1  2   0  1  0  0  0  8/22   19:53   0:38   3:37 
Tanner Fritz             0  0  0  -1  0   4  1  0  0  0  2/4    16:17   0:00   2:27 
Tyler Bertuzzi           0  2  2   2  2   0  2  0  0  0  1/1    20:41   0:40   6:47 
Vladimir Sobotka         0  0  0  -1  0   1  2  0  0  0  7/19   13:50   0:00   0:00 

Players Stats for RedWings

Player Name              G  A  P  +/- PIM S  H  SB GA TA FO     MP     PP MP  PK MP  
------------------------------------------------------------------------------------
Andrew Cogliano          0  0  0   0  0   2  0  0  0  0  0/0    11:44   0:00   0:57 
Brayden Schenn           0  0  0  -1  0   3  1  0  0  0  0/3    23:17   5:28   0:35 
Brett Howden             0  0  0   0  0   0  0  0  0  0  2/3     6:18   0:00   0:46 
Connor Murphy            0  0  0  -2  0   2  2  1  0  0  0/0    21:15   6:47   0:34 
David Pastrnak           0  0  0  -1  0   5  2  0  0  0  1/1    22:42   5:28   0:00 
Dennis Gilbert           0  0  0   0  0   0  1  1  0  0  0/0    12:07   0:00   0:00 
Erik Haula               1  1  2   1  0   3  0  1  0  0  15/34  19:41   7:10   0:00 
Erik Karlsson            0  2  2   2  0   1  1  1  0  0  0/0    26:38   5:51   0:44 
Filip Forsberg           2  1  3   1  0   3  0  0  0  0  0/0    19:59   7:10   0:18 
Frans Nielsen            0  0  0   0  0   1  0  0  0  0  1/6     5:32   0:00   0:00 
Jake Gardiner            0  2  2  -2  0   3  0  0  0  0  0/0    20:58   6:30   0:34 
John Carlson             0  1  1   2  0   5  0  0  0  0  0/0    26:38   5:51   0:44 
Jordan Szwarz            0  0  0   0  0   0  1  0  0  0  0/0     5:32   0:00   0:00 
Kyle Brodziak            1  0  1   0  2   4  1  0  0  0  5/13   10:46   0:00   0:00 
Nick Jensen              0  0  0   0  0   1  0  2  0  0  0/0    12:24   0:17   0:00 
Patric Hornqvist         1  1  2   1  0   2  3  0  0  0  2/3    19:41   7:10   0:00 
Ryan Hartman             0  1  1   0  0   2  0  0  0  0  1/1    10:47   0:00   0:00 
Sean Monahan             0  0  0  -1  0   2  2  0  0  0  19/28  22:42   5:28   0:00 

3 Stars

1 - Filip Forsberg (DET)
2 - Adam Henrique (BOS)
3 - Patric Hornqvist (DET)

Power Play

Bruins - 0 on 1 Attempt(s) - 0,00%
RedWings - 1 on 7 Attempt(s) - 14,29%

Penalty Kill

Bruins - 6 on 7 Attempt(s) - 85,71% - Score 0 goal in Penalty Kill
RedWings - 1 on 1 Attempt(s) - 100,00% - Score 0 goal in Penalty Kill

Team Stat

Bruins - Hits : 20 - Faceoff Wins : 46 - Blocked Shots : 14 - Penalty Minutes : 14
RedWings - Hits : 14 - Faceoff Wins : 46 - Blocked Shots : 6 - Penalty Minutes : 2

Official

Referees : Corey Syvret and Marc Joannette
Linesman : Ryan Galloway and Brad Kovachik

Game Notes

No Game Note

Finance

Level 1 -- Attendance: 5812 (89,42%) -- Ticket Income 650 944 $
Level 2 -- Attendance: 4618 (92,36%) -- Ticket Income 378 676 $
Level 3 -- Attendance: 3045 (87,00%) -- Ticket Income 213 150 $
Level 4 -- Attendance: 2786 (69,18%) -- Ticket Income 111 440 $
Luxury Box -- Attendance: 988 (98,80%) -- Ticket Income 222 300 $
Game was played at the Joe Louis Arena.
Total Attendance: 17249 (86,13%)
Total Ticket Income: 1 576 510 $
Other Income: 772 490 $
Total Income: 2 349 000 $

% Time on Ice - Bruins

Lines # - Real PCT - Wanted PCT - Time Play
Normal Forward
1 - 29% - 40% - 13:15
2 - 34% - 30% - 15:39
3 - 30% - 20% - 13:50
4 - 7% - 10% - 3:20
Normal Defense
1 - 37% - 40% - 16:56
2 - 35% - 30% - 16:02
3 - 28% - 20% - 13:06
4 - 0% - 10% - 0:00
PP Forward
1 - 51% - 60% - 0:40
2 - 49% - 40% - 0:38
PP Defense
1 - 51% - 60% - 0:40
2 - 49% - 40% - 0:38
PK Forward
1 - 66% - 60% - 8:18
2 - 34% - 40% - 4:20
PK Defense
1 - 53% - 60% - 6:44
2 - 47% - 40% - 5:54
PK3 Forward
1 - 0% - 60%
2 - 0% - 40%
PK3 Defense
1 - 0% - 60%
2 - 0% - 40%
44 Forward
1 - 0% - 60%
2 - 0% - 40%
44 Defense
1 - 0% - 60%
2 - 0% - 40%
Last Minute Offensive  - 0:00
Last Minute Defensive  - 0:00
Total
Forward - 60:00
Defense - 60:00

% Time on Ice - RedWings

Lines # - Real PCT - Wanted PCT - Time Play
Normal Forward
1 - 37% - 40% - 17:14
2 - 27% - 30% - 12:31
3 - 23% - 20% - 10:47
4 - 12% - 10% - 5:32
Normal Defense
1 - 41% - 40% - 18:51
2 - 30% - 30% - 13:54
3 - 26% - 20% - 12:07
4 - 3% - 10% - 1:12
PP Forward
1 - 43% - 60% - 5:28
2 - 57% - 40% - 7:10
PP Defense
1 - 46% - 60% - 5:51
2 - 54% - 40% - 6:47
PK Forward
1 - 100% - 60% - 1:18
2 - 0% - 40% - 0:00
PK Defense
1 - 56% - 60% - 0:44
2 - 44% - 40% - 0:34
PK3 Forward
1 - 0% - 60%
2 - 0% - 40%
PK3 Defense
1 - 0% - 60%
2 - 0% - 40%
44 Forward
1 - 0% - 60%
2 - 0% - 40%
44 Defense
1 - 0% - 60%
2 - 0% - 40%
Last Minute Offensive  - 0:00
Last Minute Defensive  - 0:00
Total
Forward - 60:00
Defense - 60:00

Play-by-Play

1st period


0:01 of 1st period - Adam Henrique wins face-off versus Sean Monahan in neutral zone.
0:37 of 1st period - Shot by Kailer Yamamoto.
0:37 of 1st period - Stopped by John Gibson without a rebound.
0:38 of 1st period - Alex Iafallo wins face-off versus Erik Haula in RedWings zone.
0:47 of 1st period - Shot by Jayson Megna.
0:47 of 1st period - Goal by Jayson Megna - Bruins : 1 - RedWings : 0.
0:48 of 1st period - Kyle Brodziak wins face-off versus Tanner Fritz in neutral zone.
0:51 of 1st period - Shot by Ryan Hartman.
0:51 of 1st period - Stopped by Tristan Jarry without a rebound.
0:52 of 1st period - Kyle Brodziak wins face-off versus Vladimir Sobotka in Bruins zone.
0:57 of 1st period - Shot by Andrew Cogliano.
0:57 of 1st period - Shot Blocked by Michael Frolik.
1:26 of 1st period - Icing by Tanner Fritz.
1:27 of 1st period - Erik Haula wins face-off versus Vladimir Sobotka in Bruins zone.
1:33 of 1st period - Icing by Markus Nutivaara.
1:34 of 1st period - Vladimir Sobotka wins face-off versus Patric Hornqvist in Bruins zone.
1:45 of 1st period - Shot by Michael Frolik.
1:45 of 1st period - Stopped by John Gibson without a rebound.
1:46 of 1st period - Radek Faksa wins face-off versus Frans Nielsen in RedWings zone.
1:51 of 1st period - Shot by Alex Iafallo.
1:51 of 1st period - Stopped by John Gibson without a rebound.
1:52 of 1st period - Radek Faksa wins face-off versus Sean Monahan in RedWings zone.
1:59 of 1st period - Shot by Jayson Megna.
1:59 of 1st period - Stopped by John Gibson with a rebound.
2:16 of 1st period - Minor Penalty to Brett Pesce for Tripping.
2:17 of 1st period - Patric Hornqvist wins face-off versus Adam Henrique in Bruins zone.
2:45 of 1st period - Shot by Filip Forsberg.
2:45 of 1st period - Deflect By Erik Haula.
2:45 of 1st period - Shot Misses the Net.
2:47 of 1st period - Shot by Erik Haula.
2:47 of 1st period - Stopped by Tristan Jarry without a rebound.
2:48 of 1st period - Radek Faksa wins face-off versus Sean Monahan in Bruins zone.
2:48 of 1st period - Radek Faksa is hit by Brayden Schenn.
3:22 of 1st period - Shot by David Pastrnak.
3:22 of 1st period - Stopped by Tristan Jarry with a rebound.
3:24 of 1st period - Shot by John Carlson.
3:24 of 1st period - Shot Blocked by Jordan Oesterle.
3:26 of 1st period - Shot by John Carlson.
3:26 of 1st period - Stopped by Tristan Jarry without a rebound.
3:27 of 1st period - Erik Haula wins face-off versus Radek Faksa in Bruins zone.
3:36 of 1st period - Shot by Connor Murphy.
3:36 of 1st period - Shot Misses the Net.
3:38 of 1st period - Shot by Connor Murphy.
3:38 of 1st period - Stopped by Tristan Jarry with a rebound.
3:40 of 1st period - Shot by Jake Gardiner.
3:40 of 1st period - Stopped by Tristan Jarry without a rebound.
3:41 of 1st period - Radek Faksa wins face-off versus Erik Haula in Bruins zone.
3:52 of 1st period - Icing by Connor Murphy.
3:53 of 1st period - Adam Henrique wins face-off versus Erik Haula in RedWings zone.
4:10 of 1st period - Shot by Patric Hornqvist.
4:10 of 1st period - Shot Misses the Net.
4:12 of 1st period - Shot by Patric Hornqvist.
4:12 of 1st period - Shot Misses the Net.
4:14 of 1st period - Shot by Patric Hornqvist.
4:14 of 1st period - Shot Hit the Post.
4:21 of 1st period - David Pastrnak is hit by Jordan Oesterle and loses puck.
4:32 of 1st period - Shot by Tanner Fritz.
4:32 of 1st period - Stopped by John Gibson without a rebound.
4:33 of 1st period - Brett Howden wins face-off versus Adam Henrique in RedWings zone.
4:40 of 1st period - Adam Henrique is hit by Jordan Szwarz and loses puck.
5:01 of 1st period - Shot by Tyler Bertuzzi.
5:01 of 1st period - Shot Misses the Net.
5:23 of 1st period - Icing by Radek Faksa.
5:24 of 1st period - Erik Haula wins face-off versus Radek Faksa in Bruins zone.
5:24 of 1st period - Erik Haula is hit by Jordan Oesterle.
5:28 of 1st period - Shot by Filip Forsberg.
5:28 of 1st period - Shot Blocked by Jordan Oesterle.
5:42 of 1st period - Alex Iafallo is hit by Connor Murphy and loses puck.
6:12 of 1st period - Minor Penalty to Brett Pesce for Hooking.
6:13 of 1st period - Adam Henrique wins face-off versus Sean Monahan in Bruins zone.
6:49 of 1st period - Shot by Adam Henrique.
6:49 of 1st period - Stopped by John Gibson without a rebound.
6:50 of 1st period - Adam Henrique wins face-off versus Erik Haula in RedWings zone.
6:55 of 1st period - Shot by Tyler Bertuzzi.
6:55 of 1st period - Shot Misses the Net.
7:37 of 1st period - Shot by Erik Karlsson.
7:37 of 1st period - Shot Misses the Net.
7:39 of 1st period - Shot by Erik Karlsson.
7:39 of 1st period - Shot Blocked by Jordan Oesterle.
7:41 of 1st period - Shot by Brayden Schenn.
7:41 of 1st period - Shot Misses the Net.
7:43 of 1st period - Shot by Erik Karlsson.
7:43 of 1st period - Shot Misses the Net.
7:45 of 1st period - Shot by Erik Karlsson.
7:45 of 1st period - Shot Blocked by Markus Nutivaara.
7:49 of 1st period - Shot by David Pastrnak.
7:49 of 1st period - Stopped by Tristan Jarry without a rebound.
7:50 of 1st period - Sean Monahan wins face-off versus Adam Henrique in Bruins zone.
7:51 of 1st period - Shot by Erik Karlsson.
7:51 of 1st period - Shot Misses the Net.
8:19 of 1st period - Shot by Kyle Brodziak.
8:19 of 1st period - Stopped by Tristan Jarry without a rebound.
8:20 of 1st period - Vladimir Sobotka wins face-off versus Kyle Brodziak in Bruins zone.
8:22 of 1st period - Icing by Brian Dumoulin.
8:23 of 1st period - Erik Haula wins face-off versus Vladimir Sobotka in Bruins zone.
8:23 of 1st period - Erik Haula is hit by Brady Skjei.
8:36 of 1st period - Off-side.
8:37 of 1st period - Tyler Bertuzzi wins face-off versus Kyle Brodziak in neutral zone.
8:42 of 1st period - Shot by Kailer Yamamoto.
8:42 of 1st period - Shot Misses the Net.
9:29 of 1st period - Icing by Brian Dumoulin.
9:30 of 1st period - Sean Monahan wins face-off versus Alex Iafallo in Bruins zone.
9:43 of 1st period - Shot by Radek Faksa.
9:43 of 1st period - Deflect By Jayson Megna.
9:43 of 1st period - Shot Blocked by Connor Murphy.
9:47 of 1st period - Shot by Alex Iafallo.
9:47 of 1st period - Stopped by John Gibson without a rebound.
9:48 of 1st period - Erik Haula wins face-off versus Vladimir Sobotka in RedWings zone.
10:01 of 1st period - Shot by Filip Forsberg.
10:01 of 1st period - Stopped by Tristan Jarry with a rebound.
10:03 of 1st period - Shot by Patric Hornqvist.
10:03 of 1st period - Goal by Patric Hornqvist - Bruins : 1 - RedWings : 1.
10:04 of 1st period - Adam Henrique wins face-off versus Brayden Schenn in neutral zone.
10:21 of 1st period - Shot by Brayden Schenn.
10:21 of 1st period - Stopped by Tristan Jarry without a rebound.
10:22 of 1st period - Erik Haula wins face-off versus Radek Faksa in Bruins zone.
10:58 of 1st period - Shot by Filip Forsberg.
10:58 of 1st period - Goal by Filip Forsberg - Bruins : 1 - RedWings : 2.
10:59 of 1st period - Sean Monahan wins face-off versus Adam Henrique in neutral zone.
11:04 of 1st period - Shot by Brayden Schenn.
11:04 of 1st period - Stopped by Tristan Jarry without a rebound.
11:05 of 1st period - Adam Henrique wins face-off versus Brayden Schenn in Bruins zone.
11:20 of 1st period - Shot by Adam Henrique.
11:20 of 1st period - Stopped by John Gibson without a rebound.
11:21 of 1st period - Kyle Brodziak wins face-off versus Vladimir Sobotka in RedWings zone.
11:34 of 1st period - Shot by Tanner Fritz.
11:34 of 1st period - Stopped by John Gibson with a rebound.
11:45 of 1st period - John Carlson is hit by Markus Nutivaara and loses puck.
11:57 of 1st period - Andrew Cogliano is hit by Jonathon Merrill and loses puck.
12:07 of 1st period - Icing by Michael Frolik.
12:08 of 1st period - Vladimir Sobotka wins face-off versus Sean Monahan in Bruins zone.
12:21 of 1st period - Shot by Tyler Bertuzzi.
12:21 of 1st period - Shot Misses the Net.
12:23 of 1st period - Shot by Kailer Yamamoto.
12:23 of 1st period - Goal by Kailer Yamamoto - Bruins : 2 - RedWings : 2.
12:24 of 1st period - Adam Henrique wins face-off versus Erik Haula in neutral zone.
12:36 of 1st period - Adam Henrique is hit by Dennis Gilbert and loses puck.
12:49 of 1st period - Shot by Adam Henrique.
12:49 of 1st period - Shot Blocked by Nick Jensen.
12:51 of 1st period - Shot by Brady Skjei.
12:51 of 1st period - Shot Blocked by Nick Jensen.
12:53 of 1st period - Shot by Brady Skjei.
12:53 of 1st period - Goal by Brady Skjei - Bruins : 3 - RedWings : 2.
12:54 of 1st period - Sean Monahan wins face-off versus Radek Faksa in neutral zone.
13:02 of 1st period - Off-side.
13:03 of 1st period - Sean Monahan wins face-off versus Radek Faksa in neutral zone.
13:49 of 1st period - Minor Penalty to Tyler Bertuzzi for Tripping.
13:50 of 1st period - Adam Henrique wins face-off versus Erik Haula in Bruins zone.
14:06 of 1st period - Shot by Jake Gardiner.
14:06 of 1st period - Shot Blocked by Brady Skjei.
14:08 of 1st period - Shot by Jake Gardiner.
14:08 of 1st period - Stopped by Tristan Jarry without a rebound.
14:09 of 1st period - Erik Haula wins face-off versus Tanner Fritz in Bruins zone.
14:31 of 1st period - Shot by Jake Gardiner.
14:31 of 1st period - Shot Misses the Net.
14:33 of 1st period - Shot by Erik Haula.
14:33 of 1st period - Goal by Erik Haula - Bruins : 3 - RedWings : 3.
14:34 of 1st period - Vladimir Sobotka wins face-off versus Kyle Brodziak in neutral zone.
15:23 of 1st period - David Pastrnak is hit by Jonathon Merrill and loses puck.
15:35 of 1st period - David Pastrnak is hit by Markus Nutivaara and loses puck.
15:46 of 1st period - Shot by David Pastrnak.
15:46 of 1st period - Stopped by Tristan Jarry without a rebound.
15:47 of 1st period - Adam Henrique wins face-off versus Erik Haula in Bruins zone.
16:00 of 1st period - Icing by Filip Forsberg.
16:01 of 1st period - Erik Haula wins face-off versus Jayson Megna in RedWings zone.
16:01 of 1st period - Jake Gardiner is hit by Jayson Megna and loses puck.
16:25 of 1st period - Icing by Brett Pesce.
16:26 of 1st period - Sean Monahan wins face-off versus Radek Faksa in Bruins zone.
16:26 of 1st period - Sean Monahan is hit by Jordan Oesterle.
17:24 of 1st period - Shot by Tyler Bertuzzi.
17:24 of 1st period - Shot Misses the Net.
18:07 of 1st period - Patric Hornqvist is hit by Vladimir Sobotka and loses puck.
18:37 of 1st period - Shot by Jonathon Merrill.
18:37 of 1st period - Shot Hit the Post.
18:39 of 1st period - Shot by Michael Frolik.
18:39 of 1st period - Deflect By Tanner Fritz.
18:39 of 1st period - Stopped by John Gibson without a rebound.
18:40 of 1st period - Frans Nielsen wins face-off versus Radek Faksa in RedWings zone.
19:36 of 1st period - Shot by Marcus Sorensen.
19:36 of 1st period - Stopped by John Gibson with a rebound.
Goals for this period are 3 for Bruins vs 3 for RedWings.
Shots for this period are 14 for Bruins vs 16 for RedWings.

2nd period


0:01 of 2nd period - Adam Henrique wins face-off versus Brayden Schenn in neutral zone.
0:18 of 2nd period - Icing by Tyler Bertuzzi.
0:19 of 2nd period - Erik Haula wins face-off versus Kailer Yamamoto in Bruins zone.
0:20 of 2nd period - Shot by Erik Karlsson.
0:20 of 2nd period - Shot Misses the Net.
0:28 of 2nd period - Shot by Adam Henrique.
0:28 of 2nd period - Stopped by John Gibson without a rebound.
0:29 of 2nd period - Sean Monahan wins face-off versus Radek Faksa in RedWings zone.
0:29 of 2nd period - Sean Monahan is hit by Jayson Megna.
1:10 of 2nd period - Minor Penalty to Jordan Oesterle for Hooking.
1:11 of 2nd period - Adam Henrique wins face-off versus Erik Haula in Bruins zone.
1:57 of 2nd period - Icing by Erik Karlsson.
1:58 of 2nd period - Radek Faksa wins face-off versus Erik Haula in RedWings zone.
2:12 of 2nd period - Erik Karlsson is hit by Brett Pesce and loses puck.
2:27 of 2nd period - Shot by Sean Monahan.
2:27 of 2nd period - Stopped by Tristan Jarry with a rebound.
2:29 of 2nd period - Shot by Jake Gardiner.
2:29 of 2nd period - Shot Blocked by Markus Nutivaara.
2:31 of 2nd period - Shot by Jake Gardiner.
2:31 of 2nd period - Shot Misses the Net.
2:33 of 2nd period - Shot by Jake Gardiner.
2:33 of 2nd period - Stopped by Tristan Jarry without a rebound.
2:34 of 2nd period - Radek Faksa wins face-off versus Sean Monahan in Bruins zone.
2:57 of 2nd period - Shot by Sean Monahan.
2:57 of 2nd period - Shot Hit the Post.
2:59 of 2nd period - Shot by Jake Gardiner.
2:59 of 2nd period - Shot Blocked by Brian Dumoulin.
3:15 of 2nd period - Shot by Andrew Cogliano.
3:15 of 2nd period - Stopped by Tristan Jarry without a rebound.
3:16 of 2nd period - Vladimir Sobotka wins face-off versus Kyle Brodziak in Bruins zone.
3:22 of 2nd period - Icing by Nick Jensen.
3:23 of 2nd period - Kyle Brodziak wins face-off versus Vladimir Sobotka in RedWings zone.
3:23 of 2nd period - Kyle Brodziak is hit by Vladimir Sobotka.
3:55 of 2nd period - Shot by Tanner Fritz.
3:55 of 2nd period - Shot Misses the Net.
4:35 of 2nd period - Shot by David Pastrnak.
4:35 of 2nd period - Shot Blocked by Brady Skjei.
4:37 of 2nd period - Shot by Sean Monahan.
4:37 of 2nd period - Shot Misses the Net.
4:58 of 2nd period - Brayden Schenn is hit by Brian Dumoulin and loses puck.
5:01 of 2nd period - Shot by David Pastrnak.
5:01 of 2nd period - Stopped by Tristan Jarry without a rebound.
5:02 of 2nd period - Alex Iafallo wins face-off versus Erik Haula in Bruins zone.
5:02 of 2nd period - Alex Iafallo is hit by Patric Hornqvist.
6:37 of 2nd period - Shot by Vladimir Sobotka.
6:37 of 2nd period - Shot Misses the Net.
7:06 of 2nd period - Off-side.
7:07 of 2nd period - Adam Henrique wins face-off versus Kyle Brodziak in neutral zone.
7:20 of 2nd period - Shot by Brendan Lemieux.
7:20 of 2nd period - Shot Misses the Net.
7:29 of 2nd period - Icing by Andrew Cogliano.
7:30 of 2nd period - Radek Faksa wins face-off versus Kyle Brodziak in RedWings zone.
7:33 of 2nd period - Shot by Alex Iafallo.
7:33 of 2nd period - Shot Misses the Net.
7:41 of 2nd period - Shot by Ryan Hartman.
7:41 of 2nd period - Shot Blocked by Jonathon Merrill.
7:45 of 2nd period - Shot by Kyle Brodziak.
7:45 of 2nd period - Goal by Kyle Brodziak - Bruins : 3 - RedWings : 4.
7:46 of 2nd period - Sean Monahan wins face-off versus Vladimir Sobotka in neutral zone.
7:54 of 2nd period - John Carlson is hit by Tanner Fritz and loses puck.
8:15 of 2nd period - Shot by David Pastrnak.
8:15 of 2nd period - Shot Hit the Post.
8:23 of 2nd period - Shot by Vladimir Sobotka.
8:23 of 2nd period - Shot Misses the Net.
8:25 of 2nd period - Shot by Michael Frolik.
8:25 of 2nd period - Stopped by John Gibson without a rebound.
8:26 of 2nd period - Patric Hornqvist wins face-off versus Adam Henrique in RedWings zone.
8:26 of 2nd period - Patric Hornqvist is hit by Tyler Bertuzzi.
8:36 of 2nd period - Adam Henrique is hit by Patric Hornqvist and loses puck.
8:55 of 2nd period - Shot by Patric Hornqvist.
8:55 of 2nd period - Shot Misses the Net.
9:29 of 2nd period - Shot by Frans Nielsen.
9:29 of 2nd period - Stopped by Tristan Jarry without a rebound.
9:30 of 2nd period - David Pastrnak wins face-off versus Radek Faksa in Bruins zone.
9:46 of 2nd period - Icing by Jayson Megna.
9:47 of 2nd period - Ryan Hartman wins face-off versus Radek Faksa in Bruins zone.
10:51 of 2nd period - Shot by David Pastrnak.
10:51 of 2nd period - Shot Misses the Net.
10:53 of 2nd period - Shot by John Carlson.
10:53 of 2nd period - Stopped by Tristan Jarry without a rebound.
10:54 of 2nd period - Adam Henrique wins face-off versus Erik Haula in Bruins zone.
11:03 of 2nd period - Shot by Adam Henrique.
11:03 of 2nd period - Stopped by John Gibson with a rebound.
11:05 of 2nd period - Shot by Adam Henrique.
11:05 of 2nd period - Shot Misses the Net.
11:07 of 2nd period - Shot by Brady Skjei.
11:07 of 2nd period - Shot Blocked by Erik Haula.
11:09 of 2nd period - Shot by Adam Henrique.
11:09 of 2nd period - Stopped by John Gibson without a rebound.
11:10 of 2nd period - Michael Frolik wins face-off versus Frans Nielsen in RedWings zone.
12:27 of 2nd period - Shot by David Pastrnak.
12:27 of 2nd period - Stopped by Tristan Jarry without a rebound.
12:28 of 2nd period - Erik Haula wins face-off versus Radek Faksa in Bruins zone.
12:55 of 2nd period - Brett Pesce is hit by Patric Hornqvist and loses puck.
13:04 of 2nd period - Dennis Gilbert is hit by Radek Faksa and loses puck.
13:35 of 2nd period - Shot by Adam Henrique.
13:35 of 2nd period - Stopped by John Gibson without a rebound.
13:36 of 2nd period - Vladimir Sobotka wins face-off versus Kyle Brodziak in RedWings zone.
13:50 of 2nd period - Shot by Kyle Brodziak.
13:50 of 2nd period - Stopped by Tristan Jarry without a rebound.
13:51 of 2nd period - Sean Monahan wins face-off versus Adam Henrique in Bruins zone.
14:06 of 2nd period - Shot by Kailer Yamamoto.
14:06 of 2nd period - Shot Misses the Net.
14:49 of 2nd period - Minor Penalty to Radek Faksa for Holding.
14:50 of 2nd period - Adam Henrique wins face-off versus Erik Haula in Bruins zone.
14:56 of 2nd period - Icing by Jake Gardiner.
14:57 of 2nd period - Adam Henrique wins face-off versus Erik Haula in RedWings zone.
14:58 of 2nd period - Shot by Tyler Bertuzzi.
14:58 of 2nd period - Shot Misses the Net.
15:12 of 2nd period - Shot by Patric Hornqvist.
15:12 of 2nd period - Stopped by Tristan Jarry without a rebound.
15:13 of 2nd period - Tanner Fritz wins face-off versus Erik Haula in Bruins zone.
15:20 of 2nd period - Shot by Erik Karlsson.
15:20 of 2nd period - Shot Misses the Net.
15:22 of 2nd period - Shot by John Carlson.
15:22 of 2nd period - Stopped by Tristan Jarry with a rebound.
15:24 of 2nd period - Shot by Erik Karlsson.
15:24 of 2nd period - Stopped by Tristan Jarry without a rebound.
15:25 of 2nd period - Sean Monahan wins face-off versus Adam Henrique in Bruins zone.
15:28 of 2nd period - Shot by Brayden Schenn.
15:28 of 2nd period - Stopped by Tristan Jarry without a rebound.
15:29 of 2nd period - Adam Henrique wins face-off versus Sean Monahan in Bruins zone.
15:29 of 2nd period - Adam Henrique is hit by Sean Monahan.
15:37 of 2nd period - Shot by Adam Henrique.
15:37 of 2nd period - Stopped by John Gibson without a rebound.
15:38 of 2nd period - Sean Monahan wins face-off versus Adam Henrique in RedWings zone.
15:51 of 2nd period - Shot by David Pastrnak.
15:51 of 2nd period - Shot Misses the Net.
15:53 of 2nd period - Shot by John Carlson.
15:53 of 2nd period - Stopped by Tristan Jarry without a rebound.
15:54 of 2nd period - Adam Henrique wins face-off versus Erik Haula in Bruins zone.
17:03 of 2nd period - Shot by Kyle Brodziak.
17:03 of 2nd period - Shot Misses the Net.
17:17 of 2nd period - Shot by Andrew Cogliano.
17:17 of 2nd period - Deflect By Ryan Hartman.
17:17 of 2nd period - Stopped by Tristan Jarry without a rebound.
17:18 of 2nd period - Vladimir Sobotka wins face-off versus Sean Monahan in Bruins zone.
17:18 of 2nd period - Vladimir Sobotka is hit by Sean Monahan.
17:29 of 2nd period - Brett Pesce is hit by Erik Karlsson and loses puck.
18:16 of 2nd period - Icing by Connor Murphy.
18:17 of 2nd period - Adam Henrique wins face-off versus Erik Haula in RedWings zone.
18:18 of 2nd period - Shot by Brian Dumoulin.
18:18 of 2nd period - Stopped by John Gibson without a rebound.
18:19 of 2nd period - Erik Haula wins face-off versus Adam Henrique in RedWings zone.
18:19 of 2nd period - Erik Haula is hit by Tyler Bertuzzi.
18:22 of 2nd period - Filip Forsberg is hit by Adam Henrique.
18:46 of 2nd period - Icing by Jake Gardiner.
18:47 of 2nd period - Erik Haula wins face-off versus Alex Iafallo in RedWings zone.
19:50 of 2nd period - Icing by John Carlson.
19:51 of 2nd period - Sean Monahan wins face-off versus Vladimir Sobotka in RedWings zone.
Goals for this period are 0 for Bruins vs 1 for RedWings.
Shots for this period are 7 for Bruins vs 15 for RedWings.

3rd period


0:01 of 3rd period - Adam Henrique wins face-off versus Erik Haula in neutral zone.
0:22 of 3rd period - Shot by Filip Forsberg.
0:22 of 3rd period - Goal by Filip Forsberg - Bruins : 3 - RedWings : 5.
0:23 of 3rd period - Sean Monahan wins face-off versus Radek Faksa in neutral zone.
0:32 of 3rd period - Shot by David Pastrnak.
0:32 of 3rd period - Shot Misses the Net.
0:34 of 3rd period - Shot by Connor Murphy.
0:34 of 3rd period - Stopped by Tristan Jarry without a rebound.
0:35 of 3rd period - Adam Henrique wins face-off versus Kyle Brodziak in Bruins zone.
0:35 of 3rd period - Adam Henrique is hit by Kyle Brodziak.
1:10 of 3rd period - Shot by Kyle Brodziak.
1:10 of 3rd period - Shot Misses the Net.
1:51 of 3rd period - Minor Penalty to Jordan Oesterle for Holding.
1:52 of 3rd period - Adam Henrique wins face-off versus Sean Monahan in Bruins zone.
1:52 of 3rd period - Adam Henrique is hit by David Pastrnak.
2:20 of 3rd period - Shot by Erik Karlsson.
2:20 of 3rd period - Shot Blocked by Brett Pesce.
2:22 of 3rd period - Shot by John Carlson.
2:22 of 3rd period - Stopped by Tristan Jarry without a rebound.
2:23 of 3rd period - Adam Henrique wins face-off versus Erik Haula in Bruins zone.
3:38 of 3rd period - Tanner Fritz is hit by David Pastrnak and loses puck.
4:15 of 3rd period - Shot by Kyle Brodziak.
4:15 of 3rd period - Shot Blocked by Jordan Oesterle.
4:17 of 3rd period - Shot by Kyle Brodziak.
4:17 of 3rd period - Stopped by Tristan Jarry without a rebound.
4:18 of 3rd period - Adam Henrique wins face-off versus Frans Nielsen in Bruins zone.
4:27 of 3rd period - Shot by Brendan Lemieux.
4:27 of 3rd period - Stopped by John Gibson with a rebound.
4:29 of 3rd period - Shot by Adam Henrique.
4:29 of 3rd period - Stopped by John Gibson without a rebound.
4:30 of 3rd period - Sean Monahan wins face-off versus Radek Faksa in RedWings zone.
4:51 of 3rd period - Shot by Alex Iafallo.
4:51 of 3rd period - Shot Misses the Net.
4:59 of 3rd period - Shot by Jayson Megna.
4:59 of 3rd period - Shot Misses the Net.
5:01 of 3rd period - Shot by Radek Faksa.
5:01 of 3rd period - Shot Blocked by Dennis Gilbert.
6:16 of 3rd period - Shot by Tanner Fritz.
6:16 of 3rd period - Stopped by John Gibson without a rebound.
6:17 of 3rd period - Erik Haula wins face-off versus Adam Henrique in RedWings zone.
6:17 of 3rd period - Erik Haula is hit by Brendan Lemieux.
6:39 of 3rd period - Shot by Patric Hornqvist.
6:39 of 3rd period - Shot Blocked by Adam Henrique.
8:14 of 3rd period - Shot by Jonathon Merrill.
8:14 of 3rd period - Deflect By Vladimir Sobotka.
8:14 of 3rd period - Stopped by John Gibson without a rebound.
8:15 of 3rd period - Erik Haula wins face-off versus Vladimir Sobotka in RedWings zone.
8:31 of 3rd period - Icing by Jake Gardiner.
8:32 of 3rd period - Erik Haula wins face-off versus Adam Henrique in RedWings zone.
8:50 of 3rd period - Shot by Erik Haula.
8:50 of 3rd period - Stopped by Tristan Jarry without a rebound.
8:51 of 3rd period - Kyle Brodziak wins face-off versus Vladimir Sobotka in Bruins zone.
9:12 of 3rd period - Shot by Andrew Cogliano.
9:12 of 3rd period - Stopped by Tristan Jarry without a rebound.
9:13 of 3rd period - Sean Monahan wins face-off versus Radek Faksa in Bruins zone.
9:16 of 3rd period - Shot by David Pastrnak.
9:16 of 3rd period - Shot Misses the Net.
9:46 of 3rd period - Shot by Sean Monahan.
9:46 of 3rd period - Stopped by Tristan Jarry with a rebound.
10:34 of 3rd period - Shot by Filip Forsberg.
10:34 of 3rd period - Shot Misses the Net.
10:48 of 3rd period - Shot by Ryan Hartman.
10:48 of 3rd period - Shot Misses the Net.
11:16 of 3rd period - Shot by Adam Henrique.
11:16 of 3rd period - Stopped by John Gibson with a rebound.
11:18 of 3rd period - Shot by Tyler Bertuzzi.
11:18 of 3rd period - Shot Hit the Post.
11:20 of 3rd period - Shot by Brett Pesce.
11:20 of 3rd period - Shot Hit the Post.
11:22 of 3rd period - Shot by Adam Henrique.
11:22 of 3rd period - Goal by Adam Henrique - Bruins : 4 - RedWings : 5.
11:23 of 3rd period - Sean Monahan wins face-off versus Vladimir Sobotka in neutral zone.
11:32 of 3rd period - Shot by Michael Frolik.
11:32 of 3rd period - Shot Misses the Net.
11:34 of 3rd period - Shot by Michael Frolik.
11:34 of 3rd period - Stopped by John Gibson without a rebound.
11:35 of 3rd period - Adam Henrique wins face-off versus Frans Nielsen in RedWings zone.
11:36 of 3rd period - Shot by Brendan Lemieux.
11:36 of 3rd period - Shot Blocked by Erik Karlsson.
12:03 of 3rd period - Off-side.
12:04 of 3rd period - Sean Monahan wins face-off versus Vladimir Sobotka in neutral zone.
12:26 of 3rd period - Shot by Sean Monahan.
12:26 of 3rd period - Shot Misses the Net.
14:49 of 3rd period - Off-side.
14:50 of 3rd period - Sean Monahan wins face-off versus Adam Henrique in neutral zone.
15:38 of 3rd period - Icing by Vladimir Sobotka.
15:39 of 3rd period - Tanner Fritz wins face-off versus Frans Nielsen in Bruins zone.
15:46 of 3rd period - Shot by Michael Frolik.
15:46 of 3rd period - Shot Misses the Net.
16:30 of 3rd period - Minor Penalty to Michael Frolik for Hooking.
16:31 of 3rd period - Adam Henrique wins face-off versus Erik Haula in Bruins zone.
17:59 of 3rd period - Shot by John Carlson.
17:59 of 3rd period - Shot Misses the Net.
18:15 of 3rd period - Shot by Connor Murphy.
18:15 of 3rd period - Shot Blocked by Jordan Oesterle.
18:20 of 3rd period - Shot by Nick Jensen.
18:20 of 3rd period - Stopped by Tristan Jarry without a rebound.
18:21 of 3rd period - Sean Monahan wins face-off versus Adam Henrique in Bruins zone.
18:41 of 3rd period - Minor Penalty to Kyle Brodziak for Hooking.
18:42 of 3rd period - Radek Faksa wins face-off versus Brett Howden in RedWings zone.
18:50 of 3rd period - Radek Faksa is hit by Connor Murphy and loses puck.
19:05 of 3rd period - Bruins, Tristan Jarry is pulled from the net.
19:44 of 3rd period - Icing by Brian Dumoulin.
19:45 of 3rd period - Tristan Jarry from Bruins was sent back in the game.
19:45 of 3rd period - Brett Howden wins face-off versus Adam Henrique in Bruins zone.
19:58 of 3rd period - Bruins, Tristan Jarry is pulled from the net.
Goals for this period are 1 for Bruins vs 1 for RedWings.
Shots for this period are 7 for Bruins vs 8 for RedWings.